 Dungeon Crawl Stone Soup version 0.31-a0-506-g3d79149578 (console) character file.

Game seed: 11176636375144022954

118397 Lexodia the Warrior (level 16, -20/182 HPs)
             Began as an Ogre Gladiator on Aug 9, 2023.
             Was the Champion of Jiyva.
             Demolished by a merfolk impaler
             ... wielding a +4 trident of freezing
              (21 damage)
             ... on level 4 of the Shoals.
             The game lasted 01:09:17 (19024 turns).

Lexodia the Warrior (Ogre Gladiator)               Turns: 19024, Time: 01:09:18

Health: -20/182    AC: 11    Str: 29    XL:     16   Next: 41%
Magic:  0/28       EV: 17    Int: 11    God:    Jiyva [******]
Gold:   1360       SH: 16    Dex: 17    Spells: 31/31 levels left

rFire   + . .        a - +16 obsidian axe {drain, demonic, Mesm Drain Fly SInv}
rCold   + + .        Y - +4 kite shield {reflect}
rNeg    . . .        Q - +0 steam dragon scales
rPois   +            c - +0 hat
rElec   +            b - +2 cloak
rCorr   +            (gloves unavailable)
SInv    +            (boots unavailable)
Will    +++..        q - amulet of guardian spirit
Stlth   +            D - ring of Zerakakk {rPois rC+ Will+ EV+5 Str+4}
HPRegen 2.10/turn    N - +4 ring of protection
MPRegen 0.71/turn

%: reflection, clarity, guardian spirit
@: resistant, calling ooze, flying, mesmerised, hasted, glowing, very quick
A: large, unfitting armour, tough skin 1, talons 3, agile 2, clarity, clever 1,
strong-willed 1, mutation resistance 1, wild magic 2, pseudopods 1, tendrils
}: 1/15 runes: slimy
a: Renounce Religion, Oozemancy, Slimify


You were on level 4 of the Shoals.
You worshipped Jiyva.
Jiyva was exalted by your worship.
You visited 4 branches of the dungeon, and saw 23 of its levels.
You also visited: Ossuary, Gauntlet and Ice Cave.

You collected 2376 gold pieces.
You spent 1016 gold pieces at shops.

Inventory:

Hand Weapons
 a - the +16 obsidian axe (weapon) {drain, demonic, Mesm Drain Fly SInv}
   (You found it in a Gauntlet)

   Mesm:      Its wielder is mesmerised by any visible foes, and it cannot be
   unequipped while any foes are visible.
   SInv:      It lets you see invisible.
   Fly:       It grants you flight.
   Drain:     It drains your maximum health when unequipped.
 C - a +0 giant spiked club
 W - a +4 morningstar of protection
Missiles
 d - 4 throwing nets
 e - 23 large rocks
 l - 9 darts of dispersal
 r - 28 boomerangs (quivered)
Armour
 b - a +2 cloak (worn)
 c - a +0 hat (worn)
 t - +0 ice dragon scales
 H - the +0 hat of Xom's Whim {*Slow Regen+ Dex+3}
   (You bought it in a shop on level 2 of the Shoals)

   Dex+3:     It affects your dexterity (+3).
   Regen+:    It increases your rate of health regeneration.
   *Slow:     It may slow you when you take damage.
 Q - +0 steam dragon scales (worn)
 Y - a +4 kite shield of reflection (worn)
 Z - a +0 tower shield of cold resistance
Jewellery
 f - a +6 ring of strength
 g - a +5 ring of evasion
 i - an amulet of the acrobat
 n - a ring of protection from fire
 p - a ring of flight
 q - an amulet of guardian spirit (around neck)
 D - the ring of Zerakakk (left hand) {rPois rC+ Will+ EV+5 Str+4}
   (You found it in a Gauntlet)

   [ring of evasion]

   EV+5:      It affects your evasion (+5).
   Str+4:     It affects your strength (+4).
   rC+:       It protects you from cold.
   rPois:     It protects you from poison Will+: It increases your willpower.
 N - a +4 ring of protection (right hand)
 T - an amulet of magic regeneration
Wands
 k - a wand of flame (13)
 E - a wand of roots (22)
 S - a wand of charming (14)
 X - a wand of mindburst (5)
Scrolls
 s - 5 scrolls of revelation
 x - 7 scrolls of teleportation
 y - 4 scrolls of amnesia {unknown}
 z - a scroll of fear
 A - a scroll of brand weapon
 B - a scroll of blinking
 G - 3 scrolls of immolation
 K - a scroll of summoning
 M - 2 scrolls of poison
 R - 2 scrolls of vulnerability
 U - a scroll of silence
Potions
 h - 4 potions of might
 m - 4 potions of curing
 o - 3 potions of mutation
 u - a potion of haste
 v - a potion of ambrosia
 w - 3 potions of resistance
 F - 2 potions of enlightenment
 J - a potion of brilliance
 O - 6 potions of attraction
 V - a potion of cancellation


   Skills:
 + Level 16.9 Fighting
 * Level 13.1(15.4) Axes
 - Level 12.3(14.3) Maces & Flails
 + Level 13.2 Throwing
 + Level 3.8 Armour
 + Level 5.9 Dodging
 + Level 9.2 Shields
 - Level 8.0 Spellcasting


You had 31 spell levels left.
You didn't know any spells.
Your spell library contained the following spells:

 Spells                   Type           Power      Damage    Failure   Level
 Foxfire                  Conj/Fire      28%        2x1d5     43%         1
 Freeze                   Ice            28%        1d5       43%         1
 Necrotise                Necr           28%        1d5       43%         1
 Summon Small Mammal      Summ           28%        N/A       43%         1
 Call Canine Familiar     Summ           7%         N/A       75%         3
 Frozen Ramparts          Ice            14%        1d3       75%         3
 Mephitic Cloud           Conj/Pois/Air  7%         N/A       75%         3
 Portal Projectile        Hex/Tloc       14%        N/A       75%         3
 Summon Guardian Golem    Hex/Summ       7%         N/A       75%         3
 Vampiric Draining        Necr           7%         2d6       75%         3
 Leda's Liquefaction      Hex/Erth       3%         N/A       98%         4
 Summon Lightning Spire   Summ/Air       7%         N/A       98%         4
 Agony                    Necr           7%         N/A       100%        5
 Irradiate                Conj/Tmut      3%         3d12      100%        5
 Summon Forest            Summ/Tloc      3%         N/A       100%        5
 Eringya's Noxious Bog    Tmut/Pois      3%         4d6       100%        6
 Plasma Beam              Fire/Air       3%         2x1d13    100%        6
 Simulacrum               Ice/Necr       3%         N/A       100%        6
 Starburst                Conj/Fire      3%         6d3       100%        6
 Haunt                    Necr/Summ      3%         N/A       100%        7
 Monstrous Menagerie      Summ           3%         N/A       100%        7
 Borgnjor's Revivificati  Necr           3%         N/A       100%        8
 Death's Door             Necr           3%         N/A       100%        9


Dungeon Overview and Level Annotations

Branches:
Dungeon (9/15)             Temple (0/1) D:7            Lair (5/5) D:9
 Shoals (4/4) Lair:3       Spider (0/4) Lair:2        Slime (5/5) Lair:4
Ossuary (visited)           IceCv (visited)         Gauntlet (visited)
    Orc: D:9-12

Altars:
Hepliaklqana
Ru
Uskayaw
Zin
Jiyva

Shops:
D:5 (   D:6 !   Shoals:2 [   Shoals:3 =

Annotations:
Slime:5 Royal Jelly


Innate Abilities, Weirdness & Mutations

You are too large for most types of armour.
You have tough skin. (AC +1)
You have claws for feet.
You are very agile. (Dex +8, Str/Int -2)
You possess an exceptional clarity of mind.
Your mind is acute. (Int +4, Str/Dex -1)
You are strong-willed. (Will+)
You are somewhat resistant to further mutation.
Your spells are harder to cast, but more powerful.
Armour fits poorly on your pseudopods.
You are covered in slimy tendrils that may disarm your opponents.


Message History

You cannot move away from the merfolk impaler!
Okay, then.
You block the merfolk's attack.
The cherub sings praise to the Shining One, in four-part harmony.
The merfolk aquamancer gestures wildly while chanting.
The merfolk aquamancer blinks!
The wall burns the merfolk impaler!
The merfolk impaler hits you from afar with a +4 trident of freezing!!
* * * LOW HITPOINT WARNING * * *
The merfolk impaler freezes you.
* * * LOW HITPOINT WARNING * * *
The wall burns the merfolk javelineer!
The merfolk javelineer throws a silver javelin.
The silver javelin pierces through you!
* * * LOW HITPOINT WARNING * * *
The silver sears you!
* * * LOW HITPOINT WARNING * * *
The wall burns the merfolk impaler!
You block the merfolk impaler's attack.
The wall burns the merfolk!
You block the merfolk's attack.
Things that are here:
3 silver javelins; a merfolk corpse; a harpy corpse Huge Dmg: -14%(-26hp) hp: 5%(8hp)
Okay, then.
Unknown command.
As you read the scroll of fear, it crumbles to dust.
You assume a fearsome visage.
The merfolk looks frightened!
The merfolk javelineer easily resists.
The merfolk impaler looks frightened!
The merfolk looks frightened!
The merfolk impaler looks frightened! x3
The cherub looks frightened!
The merfolk looks frightened!
Visions of slaying the merfolk javelineer flood into your mind.
The walls burn the merfolk impaler!
Your attack snaps the merfolk impaler out of its fear.
The merfolk impaler hits you but does no damage.
The wall burns the merfolk impaler!
Your attack snaps the merfolk impaler out of its fear.
The merfolk impaler hits you from afar with a +4 trident of freezing!
* * * LOW HITPOINT WARNING * * *
The merfolk impaler freezes you.
The wall burns the merfolk impaler!
Your attack snaps the merfolk impaler out of its fear.
The merfolk impaler hits you with a +4 trident of freezing!!
You die...

##. .## #.. ### ..#
#..##_##..#
≈~..#...P.#.m8...8..#~≈≈≈
~.P....P.##m......##~≈≈≈≈
~P~....P..#.m.A...#~≈≈≈≈≈
~~........##mmmmm##~≈≈≈≈≈
.........###@###~.≈≈≈≈≈
#.........#'#.~~≈≈≈≈≈≈
#..............~≈≈≈≈≈≈
#)<.).P........~≈≈≈≈≈≈
##..†)......~~.~≈≈≈≈≈≈
###)........~~≈≈≈≈≈≈≈
##......~.~.≈≈≈≈≈≈≈
~.P....PP..~~~≈≈≈≈≈≈≈
~≈~.~~.....P~~~≈≈≈≈≈≈≈


You could see 4 merfolk impalers, a cherub (fleeing), a merfolk javelineer
(mesmerising) and 3 merfolk.

Vanquished Creatures
  A titan (Shoals:3)
  2 krakens
  Ilsuiw (Shoals:2)
  2 frost giants
  A merfolk javelineer (Shoals:2)
  2 merfolk impalers (Shoals:3)
  2 merfolk avatars (Shoals:3)
  A hydra (Lair:2)
  An alligator snapping turtle (Shoals:3)
  A merfolk aquamancer (Shoals:3)
  2 boulder beetles (Lair:4)
  2 satyrs
  3 death yaks (D:9)
  The ghost of AIAndy the Mimic, a novice OpSh of Gozag (D:8)
  A skyshark (Shoals:1)
  The ghost of AdnanSaban the Protected, a novice GrFi of Okawaru (D:8)
  8 sea snakes
  8 harpies
  Jeremiah (D:6)
  A lindwurm (Lair:5)
  An ugly thing (IceCv)
  7 manticores
  20 fauns
  3 cyclopes (Shoals:3)
  23 elephants
  10 merfolk sirens
  2 water nymphs
  5 black mambas
  An ice statue (IceCv)
  2 torpor snails
  Maggie (D:6)
  10 cane toads
  7 komodo dragons
  3 rime drakes
  12 merfolk
  10 polar bears
  A tyrant leech (Lair:5)
  4 hornets (Lair:5)
  14 blink frogs
  2 dream sheep (Shoals:3)
  4 snapping turtles
  9 flying skulls (Gauntlet)
  5 water elementals
  46 yaks
  5 wyverns
  2 basilisks
  3 humans (D:7)
  A steam dragon (D:6)
  Menkaure (D:6)
  A redback (Lair:2)
  An acid dragon (D:8)
  12 water moccasins
  2 orc warriors
  2 black bears
  2 ogres (D:5)
  24 wolves
  4 centaurs
  A phantom (D:6)
  A kobold brigand (D:6)
  8 bullfrogs
  3 gnoll sergeants
  2 scorpions
  8 wights (D:9)
  4 killer bees
  5 howler monkeys
  3 hounds
  3 orc priests
  A gnoll bouda (D:7)
  A sleepcap (D:6)
  3 iguanas
  2 hell rats (D:9)
  5 orc wizards
  8 mummies (Ossuary)
  3 adders
  13 gnolls
  A river rat (D:9)
  4 white imps
  A worm (D:2)
  2 dart slugs
  28 orcs
  4 bats
  2 endoplasms (D:1)
  2 giant cockroaches
  2 gnoll zombies (Ossuary)
  4 goblins
  6 hobgoblins
  11 jackals (D:4)
  5 quokkas
  2 ball pythons
  A frilled lizard (D:2)
  A hobgoblin zombie (Ossuary)
  5 kobolds
  2 kobold zombies (Ossuary)
  3 orc zombies (Ossuary)
  3 rats
  A rat zombie (D:5)
  7 tentacles
475 creatures vanquished.

Vanquished Creatures (collateral kills)
  A minotaur (Gauntlet)
  A dire elephant (Lair:3)
  A merfolk javelineer (Shoals:1)
  An ice dragon (Lair:5)
  A hydra (Lair:5)
  An alligator snapping turtle (Shoals:1)
  A boulder beetle (Lair:4)
  4 skysharks
  2 sea snakes
  A lindwurm (Lair:5)
  A harpy (Shoals:2)
  A faun (Shoals:2)
  10 elephants
  A manticore (Shoals:2)
  2 black mambas
  4 torpor snails (Lair:5)
  4 cane toads
  A komodo dragon (Lair:3)
  4 polar bears (IceCv)
  A wind drake (Shoals:4)
  4 blink frogs
  7 merfolk
  2 hornets (Lair:5)
  2 tyrant leeches (Lair:5)
  4 snapping turtles
  A spriggan (Lair:3)
  2 water elementals (Shoals:3)
  A wyvern (Lair:5)
  11 yaks
  A basilisk (Lair:2)
  3 water moccasins
  3 wolves (Lair:3)
  An electric eel (Lair:3)
85 creatures vanquished.

Vanquished Creatures (others)
  An elephant (Gauntlet)
  A slime creature (Shoals:4)
  A shadow (D:9)
  A human (D:7)
  A water moccasin (D:7)
  A black bear (D:5)
  A wolf (IceCv)
  70 jellies
  A howler monkey (D:8)
  3 gnoll boudas (D:4)
  3 iguanas
  An orc wizard (D:9)
  A hell rat (D:9)
  15 gnolls
  An adder (D:4)
  A white imp (D:7)
  An ufetubus (D:5)
  A worm (D:4)
  24 orcs
  3 endoplasms
  A goblin (D:4)
  2 hobgoblins (D:4)
  5 jackals
  2 kobolds
  2 quokkas
  A quokka zombie (D:5)
  A rat (D:9)
  5 tentacles
151 creatures vanquished.

Grand Total: 711 creatures vanquished

Notes
Turn   | Place    | Note
-------+----------+-------------------------------------------
     0 | D:1      | Lexodia the Ogre Gladiator began the quest for the Orb.
     0 | D:1      | Reached XP level 1. HP: 22/22 MP: 1/1
    85 | D:1      | Huge Dmg: 5 dmg
    87 | D:1      | Huge Dmg: 2 dmg
    89 | D:1      | Huge Dmg: 2 dmg
   382 | D:1      | Reached skill level 3 in Fighting
   382 | D:1      | Reached XP level 2. HP: 31/31 MP: 2/2
  1163 | D:2      | Reached XP level 3. HP: 32/37 MP: 3/3
  1275 | D:2      | Huge Dmg: 7 dmg
  1475 | D:2      | Found a faded altar of an unknown god.
  1484 | D:2      | Prayed at the altar of an unknown god.
  1484 | D:2      | Became a worshipper of Jiyva Jacuvemn the Shapeless
  1484 | D:2      | Reached * piety under Jiyva
  2100 | D:2      | Found a viscous altar of Jiyva.
  2648 | D:3      | Reached XP level 4. HP: 40/48 MP: 4/4
  2758 | D:3      | Reached ** piety under Jiyva
  2991 | D:3      | Found a hazy altar of Hepliaklqana.
  3144 | D:3      | Found a hide-covered altar of Uskayaw.
  3417 | D:3      | Huge Dmg: 16 dmg
  3418 | D:3      | Huge Dmg: 6 dmg
  3419 | D:3      | Huge Dmg: 2 dmg
  3425 | D:3      | Huge Dmg: 8 dmg
  3428 | D:3      | Reached skill level 4 in Fighting
  3428 | D:3      | Reached XP level 5. HP: 8/54 MP: 5/5
  3624 | D:4      | Reached *** piety under Jiyva
  3771 | D:4      | Noticed a black bear
  3781 | D:4      | Killed a black bear
  3782 | D:4      | Reached XP level 6. HP: 65/65 MP: 6/6
  3870 | D:4      | Reached skill level 5 in Fighting
  3870 | D:4      | Reached skill level 5 in Maces & Flails
  3910 | D:4      | Gained mutation: You are robust. (+10% HP) [Jiyva's grace]
  3910 | D:4      | Gained mutation: You are very robust. (+20% HP) [Jiyva's
                  | grace]
  3910 | D:4      | Gained mutation: You are extremely robust. (+30% HP)
                  | [Jiyva's grace]
  3910 | D:4      | Gained mutation: You have a pair of small antennae on your
                  | head. [Jiyva's grace]
  3981 | D:4      | Reached XP level 7. HP: 92/93 MP: 7/7
  4350 | D:4      | Reached **** piety under Jiyva
  4629 | D:5      | Entered Level 5 of the Dungeon
  4856 | D:5      | Huge Dmg: 23 dmg
  4885 | D:5      | Found Ukanu's Weapon Boutique.
  4927 | D:5      | Reached skill level 6 in Fighting
  4929 | D:5      | Found a sacrificial altar of Ru.
  5062 | D:5      | Reached XP level 8. HP: 107/107 MP: 8/8
  5087 | D:5      | Reached ***** piety under Jiyva
  5110 | D:5      | Found a sand-covered staircase.
  5119 | Ossuary  | Entered an ossuary
  5145 | Ossuary  | Huge Dmg: 25 dmg
  5703 | D:6      | Reached skill level 5 in Throwing
  5735 | D:6      | Lost mutation: You are extremely robust. (+30% HP) [Jiyva's
                  | grace]
  5735 | D:6      | Lost mutation: You are very robust. (+20% HP) [Jiyva's
                  | grace]
  5735 | D:6      | Gained mutation: You have sharp toenails. [Jiyva's grace]
  5735 | D:6      | Gained mutation: You have razor-sharp toenails. [Jiyva's
                  | grace]
  5735 | D:6      | Gained mutation: You have claws for feet. [Jiyva's grace]
  5735 | D:6      | Gained mutation: You are covered in slimy tendrils that may
                  | disarm your opponents. [Jiyva's grace]
  5748 | D:6      | Reached skill level 7 in Fighting
  5816 | D:6      | Noticed Menkaure
  5820 | D:6      | Huge Dmg: 21 dmg
  5821 | D:6      | Killed Menkaure
  5905 | D:6      | Noticed Maggie
  5920 | D:6      | Huge Dmg: 23 dmg
  5921 | D:6      | Huge Dmg: 18 dmg
  5925 | D:6      | Huge Dmg: 16 dmg
  5926 | D:6      | Killed Maggie
  5927 | D:6      | Reached XP level 9. HP: 13/103 MP: 9/9
  6024 | D:6      | Found Ydaess Hagh's Distillery.
  6035 | D:6      | Bought a potion of degeneration for 14 gold pieces
  6035 | D:6      | Bought a potion of berserk rage for 70 gold pieces
  6035 | D:6      | Bought a potion of heal wounds for 70 gold pieces
  6035 | D:6      | Bought a potion of heal wounds for 70 gold pieces
  6035 | D:6      | Bought a potion of curing for 42 gold pieces
  6035 | D:6      | Bought a potion of enlightenment for 70 gold pieces
  6035 | D:6      | Bought a potion of heal wounds for 70 gold pieces
  6058 | D:6      | Noticed Jeremiah
  6120 | D:6      | Huge Dmg: 19 dmg
  6226 | D:6      | Huge Dmg: 13 dmg
  6229 | D:6      | Killed Jeremiah
  6230 | D:6      | Reached skill level 8 in Fighting
  6780 | D:7      | Reached skill level 9 in Fighting
  6838 | D:7      | Reached XP level 10. HP: 117/117 MP: 10/10
  7059 | D:7      | Found a staircase to the Ecumenical Temple.
  7318 | D:8      | Reached ****** piety under Jiyva
  7455 | D:8      | Found a runed translucent gate.
  7456 | D:8      | Found a runed translucent gate.
  7472 | D:8      | Lost mutation: You have claws for feet. [Jiyva's grace]
  7472 | D:8      | Lost mutation: You are robust. (+10% HP) [Jiyva's grace]
  7472 | D:8      | Gained mutation: You expend magic power (3 MP) to
                  | strengthen your wands. [Jiyva's grace]
  7472 | D:8      | Gained mutation: You are somewhat resistant to further
                  | mutation. [Jiyva's grace]
  7472 | D:8      | Gained mutation: You are somewhat resistant to both further
                  | mutation and mutation removal. [Jiyva's grace]
  7472 | D:8      | Gained mutation: You are almost entirely resistant to
                  | further mutation and mutation removal. [Jiyva's grace]
  7515 | D:8      | Found a runed translucent gate.
  7518 | D:8      | Noticed AIAndy's ghost (novice OpSh)
  7522 | D:8      | Noticed AdnanSaban's ghost (novice GrFi)
  7789 | D:8      | Reached skill level 10 in Fighting
  7789 | D:8      | Reached skill level 10 in Maces & Flails
  8305 | D:8      | Killed AdnanSaban's ghost
  8311 | D:8      | Killed AIAndy's ghost
  8314 | D:8      | Huge Dmg: 47 dmg
  8473 | D:9      | Reached XP level 11. HP: 119/119 MP: 11/11
  8630 | D:9      | Reached skill level 11 in Fighting
  8786 | D:9      | Found a staircase to the Lair.
  8787 | D:9      | Noticed a death yak
  8793 | D:9      | Noticed a death yak
  8797 | D:9      | Noticed a death yak
  8809 | D:9      | Killed a death yak
  8817 | D:9      | Huge Dmg: 15 dmg
  8820 | D:9      | Huge Dmg: 12 dmg
  8821 | D:9      | Killed a death yak
  8823 | D:9      | Huge Dmg: 11 dmg
  8831 | D:9      | Killed a death yak
  9257 | Lair:1   | Entered Level 1 of the Lair of Beasts
  9487 | Lair:1   | Lost mutation: You have razor-sharp toenails. [Jiyva's
                  | grace]
  9487 | Lair:1   | Lost mutation: You expend magic power (3 MP) to strengthen
                  | your wands. [Jiyva's grace]
  9487 | Lair:1   | Gained mutation: Your spells are a little harder to cast,
                  | but a little more powerful. [Jiyva's grace]
  9487 | Lair:1   | Gained mutation: Your spells are harder to cast, but more
                  | powerful. [Jiyva's grace]
  9487 | Lair:1   | Gained mutation: Your spells are much harder to cast, but
                  | much more powerful. [Jiyva's grace]
  9487 | Lair:1   | Gained mutation: You are strong-willed. (Will+) [Jiyva's
                  | grace]
  9488 | Lair:1   | Found a gate leading to a gauntlet.
  9498 | Gauntlet | Entered a Gauntlet
  9498 | Gauntlet | Found a transporter.
  9498 | Gauntlet | Found a transporter.
  9524 | Gauntlet | Found a transporter.
  9538 | Gauntlet | Found a transporter.
  9541 | Gauntlet | Found a transporter.
  9553 | Gauntlet | Found a transporter.
  9663 | Gauntlet | Reached skill level 12 in Fighting
  9670 | Gauntlet | Found a transporter.
  9679 | Gauntlet | Found a transporter.
  9718 | Gauntlet | Found a transporter.
  9719 | Gauntlet | Found a transporter.
  9732 | Gauntlet | Found a transporter.
  9732 | Gauntlet | Noticed a dire elephant
  9764 | Gauntlet | Noticed a death drake
  9798 | Gauntlet | Huge Dmg: 28 dmg
  9801 | Gauntlet | Huge Dmg: 20 dmg
  9801 | Gauntlet | Slimified a dire elephant
  9801 | Gauntlet | a dire elephant changed into an acid blob
  9801 | Gauntlet | Noticed an acid blob
  9803 | Gauntlet | Huge Dmg: 11 dmg
  9854 | Gauntlet | Found a transporter.
  9854 | Gauntlet | Found a transporter.
  9857 | Gauntlet | Identified the ring of Zerakakk {rPois rC+ Will+ EV+5
                  | Str+4}
  9879 | Gauntlet | Identified the +0 chain mail "Wateih" {rC+ rN++ MP+9}
  9879 | Gauntlet | Noticed a minotaur
  9888 | Gauntlet | Huge Dmg: 35 dmg
  9892 | Gauntlet | Killed a minotaur
  9942 | Gauntlet | Got Demu Xung's Volume of Summoning
  9947 | Gauntlet | Identified a scroll of acquirement
  9967 | Lair:1   | Acquired 883 gold pieces
 10019 | Lair:1   | Reached skill level 1 in Axes
 10152 | Lair:1   | Reached XP level 12. HP: 126/133 MP: 12/12
 10154 | Lair:1   | Reached skill level 1 in Shields
 10480 | Lair:2   | Found a hole to the Spider Nest.
 10569 | Lair:2   | Reached skill level 10 in Throwing
 10608 | Lair:2   | Noticed a seven-headed hydra
 10612 | Lair:2   | Huge Dmg: 29 dmg
 10614 | Lair:2   | Huge Dmg: 44 dmg
 10614 | Lair:2   | Killed a nine-headed hydra
 10663 | Lair:2   | Reached skill level 13 in Fighting
 10781 | Lair:2   | Found a frozen archway.
 10789 | IceCv    | Entered an ice cave
 10819 | IceCv    | Reached skill level 5 in Axes
 10846 | IceCv    | Lost mutation: You have a pair of small antennae on your
                  | head. [Jiyva's grace]
 10846 | IceCv    | Lost mutation: Your spells are much harder to cast, but
                  | much more powerful. [Jiyva's grace]
 10846 | IceCv    | Gained mutation: Your mind is acute. (Int +4, Str/Dex -1)
                  | [Jiyva's grace]
 10846 | IceCv    | Gained mutation: Your mind is very acute. (Int +8, Str/Dex
                  | -2) [Jiyva's grace]
 10846 | IceCv    | Gained mutation: You have a small jelly attached to you
                  | that senses nearby items. [Jiyva's grace]
 10846 | IceCv    | Gained mutation: Your spells are much harder to cast, but
                  | much more powerful. [Jiyva's grace]
 10931 | IceCv    | Identified the +4 ring mail of Responsibility {rC++ Regen+}
 11009 | IceCv    | Noticed a frost giant
 11021 | IceCv    | Killed a frost giant
 11026 | IceCv    | Reached XP level 13. HP: 85/144 MP: 13/13
 11031 | IceCv    | Reached skill level 1 in Spellcasting
 11045 | IceCv    | Found the +5 glaive of the Guard {elec, spectral, AC+5}
 11411 | Lair:2   | Reached skill level 5 in Shields
 11479 | Lair:2   | Reached skill level 14 in Fighting
 12039 | Lair:3   | Found a staircase to the Shoals.
 12213 | Lair:3   | Noticed a dire elephant
 12221 | Lair:3   | Huge Dmg: 42 dmg
 12224 | Lair:3   | Killed a dire elephant
 12441 | Lair:3   | Reached XP level 14. HP: 157/157 MP: 20/20
 12477 | Lair:3   | Lost mutation: You have sharp toenails. [Jiyva's grace]
 12477 | Lair:3   | Lost mutation: You are almost entirely resistant to further
                  | mutation and mutation removal. [Jiyva's grace]
 12477 | Lair:3   | Lost mutation: Your spells are much harder to cast, but
                  | much more powerful. [Jiyva's grace]
 12477 | Lair:3   | Gained mutation: Armour fits poorly on your pseudopods.
                  | [Jiyva's grace]
 12477 | Lair:3   | Gained mutation: Armour fits poorly on your large
                  | pseudopods. [Jiyva's grace]
 12477 | Lair:3   | Gained mutation: Armour fits poorly on your massive
                  | pseudopods. [Jiyva's grace]
 12477 | Lair:3   | Gained mutation: You are partially covered in iridescent
                  | scales. (AC +2) [Jiyva's grace]
 12728 | Lair:4   | Reached skill level 5 in Spellcasting
 12768 | Lair:4   | Identified the +1 dagger of the Shallot {flame, rF+ rN+
                  | Int+2}
 13030 | Lair:4   | Reached skill level 15 in Fighting
 13148 | Lair:4   | Found a staircase to the Slime Pits.
 13155 | Lair:4   | Reached skill level 10 in Axes
 13500 | Slime:1  | Entered Level 1 of the Pits of Slime
 13500 | Slime:1  | Noticed an azure jelly
 13612 | Slime:2  | Noticed an acid blob
 13621 | Slime:2  | Noticed an azure jelly
 13622 | Slime:2  | Noticed an acid blob
 13634 | Slime:2  | Noticed an acid blob
 13934 | Slime:1  | Noticed a quicksilver ooze
 13934 | Slime:1  | Noticed an azure jelly
 13934 | Slime:1  | Noticed an azure jelly
 13934 | Slime:1  | Noticed an acid blob
 13935 | Slime:1  | Noticed an acid blob
 14039 | Slime:1  | Noticed a rockslime
 14181 | Slime:3  | Noticed a quicksilver ooze
 14200 | Slime:3  | Noticed a formless jellyfish
 14203 | Slime:3  | Noticed a formless jellyfish
 14206 | Slime:3  | Noticed a formless jellyfish
 14207 | Slime:3  | Noticed a quicksilver ooze
 14208 | Slime:3  | Noticed a formless jellyfish
 14208 | Slime:3  | Noticed a formless jellyfish
 14263 | Slime:3  | Noticed an acid blob
 14736 | Slime:5  | Entered Level 5 of the Pits of Slime
 14736 | Slime:5  | Noticed an acid blob
 14739 | Slime:5  | Noticed a rockslime
 14740 | Slime:5  | Noticed a rockslime
 14751 | Slime:5  | Noticed a rockslime
 14760 | Slime:5  | Got a slimy rune of Zot
 14772 | Slime:5  | Noticed an azure jelly
 14807 | Slime:5  | Noticed an azure jelly
 14809 | Slime:5  | Identified the +0 leather armour of Plog {*Slow rC+++ rN+
                  | SInv}
 14820 | Slime:5  | Noticed an acid blob
 14866 | Slime:5  | Noticed a formless jellyfish
 14874 | Slime:5  | Noticed an acid blob
 14875 | Slime:5  | Noticed an acid blob
 14879 | Slime:5  | Identified the +9 short sword "Qora" {holy, rF+ rN+}
 14881 | Slime:5  | Identified the +0 plate armour "Odyzeil" {rC- rN+ Str+2}
 14920 | Slime:5  | Noticed an acid blob
 14921 | Slime:5  | Noticed an acid blob
 14928 | Slime:5  | Identified the +6 short sword "Hetzar" {speed, rN++ rCorr
                  | Int-2 Stlth+}
 14931 | Slime:5  | Got the Codex of Combative Iniquitous Ceremonies
 14943 | Slime:5  | Noticed an acid blob
 14962 | Slime:5  | Noticed an acid blob
 14966 | Slime:5  | Noticed an acid blob
 14985 | Slime:5  | Found a viscous altar of Jiyva.
 15000 | Slime:5  | Noticed a formless jellyfish
 15005 | Slime:5  | Noticed a formless jellyfish
 15013 | Slime:5  | Noticed the Royal Jelly
 15359 | Lair:5   | Entered Level 5 of the Lair of Beasts
 15707 | Lair:5   | Found a runed translucent door.
 15773 | Lair:5   | Paralysed by a hornet for 2 turns
 16105 | Lair:5   | Lost mutation: You are partially covered in iridescent
                  | scales. (AC +2) [Jiyva's grace]
 16105 | Lair:5   | Lost mutation: You are somewhat resistant to both further
                  | mutation and mutation removal. [Jiyva's grace]
 16105 | Lair:5   | Lost mutation: Armour fits poorly on your massive
                  | pseudopods. [Jiyva's grace]
 16105 | Lair:5   | Lost mutation: You have a small jelly attached to you that
                  | senses nearby items. [Jiyva's grace]
 16105 | Lair:5   | Gained mutation: You are agile. (Dex +4, Str/Int -1)
                  | [Jiyva's grace]
 16105 | Lair:5   | Gained mutation: You are very agile. (Dex +8, Str/Int -2)
                  | [Jiyva's grace]
 16105 | Lair:5   | Gained mutation: You have large cloven feet. [Jiyva's
                  | grace]
 16105 | Lair:5   | Gained mutation: You have hoof-like feet. [Jiyva's grace]
 16299 | Shoals:1 | Entered Level 1 of the Shoals
 16325 | Shoals:1 | Reached XP level 15. HP: 95/169 MP: 17/25
 16502 | Shoals:1 | Huge Dmg: 59 dmg
 16503 | Shoals:1 | Reached skill level 1 in Armour
 16748 | Shoals:1 | Huge Dmg: 36 dmg
 16794 | Shoals:1 | Reached skill level 16 in Fighting
 17170 | Shoals:1 | Got the Notes on the Frostbitten Adder
 17395 | Shoals:2 | Noticed Ilsuiw
 17404 | Shoals:2 | Huge Dmg: 22 dmg
 17409 | Shoals:2 | Killed Ilsuiw
 17486 | Shoals:2 | Noticed a kraken
 17500 | Shoals:2 | Killed a kraken
 17723 | Shoals:2 | Reached skill level 5 in Dodging
 17748 | Shoals:2 | Found Bich's Antique Armour Shop.
 17757 | Shoals:2 | Bought a distressingly furry hat for 333 gold pieces
 17757 | Shoals:2 | Identified the +0 hat of Xom's Whim {*Slow Regen+ Dex+3}
                  | (You bought it in a shop on level 2 of the Shoals)
 17757 | Shoals:2 | Bought an embroidered cloak for 277 gold pieces
 17830 | Shoals:2 | Lost mutation: You have hoof-like feet. [Jiyva's grace]
 17830 | Shoals:2 | Lost mutation: Your mind is very acute. (Int +8, Str/Dex
                  | -2) [Jiyva's grace]
 17830 | Shoals:2 | Lost mutation: Armour fits poorly on your large pseudopods.
                  | [Jiyva's grace]
 17830 | Shoals:2 | Lost mutation: You have large cloven feet. [Jiyva's grace]
 17830 | Shoals:2 | Gained mutation: You have sharp toenails. [Jiyva's grace]
 17830 | Shoals:2 | Gained mutation: You have razor-sharp toenails. [Jiyva's
                  | grace]
 17830 | Shoals:2 | Gained mutation: You have claws for feet. [Jiyva's grace]
 17830 | Shoals:2 | Gained mutation: You possess an exceptional clarity of
                  | mind. [Jiyva's grace]
 18139 | Shoals:3 | Huge Dmg: 41 dmg
 18147 | Shoals:3 | Huge Dmg: 23 dmg
 18153 | Shoals:3 | Huge Dmg: 12 dmg
 18154 | Shoals:3 | Huge Dmg: 9 dmg
 18160 | Shoals:3 | Reached XP level 16. HP: 47/180 MP: 9/28
 18315 | Shoals:3 | Found Koph's Jewellery Emporium.
 18724 | Shoals:3 | Huge Dmg: 47 dmg
 18731 | Shoals:3 | Noticed a titan
 18788 | Shoals:3 | Huge Dmg: 42 dmg
 18789 | Shoals:3 | Huge Dmg: 51 dmg
 18789 | Shoals:3 | Killed a titan
 18949 | Shoals:4 | Entered Level 4 of the Shoals
 18975 | Shoals:4 | Noticed a kraken
 18990 | Shoals:4 | Huge Dmg: 33 dmg
 18992 | Shoals:4 | Huge Dmg: 24 dmg
 18992 | Shoals:4 | Killed a kraken
 19002 | Shoals:4 | Found a glowing silver altar of Zin.
 19011 | Shoals:4 | Huge Dmg: 26 dmg
 19012 | Shoals:4 | Huge Dmg: 21 dmg
 19014 | Shoals:4 | Huge Dmg: 28 dmg
 19016 | Shoals:4 | Huge Dmg: 11 dmg
 19017 | Shoals:4 | Huge Dmg: 18 dmg
 19019 | Shoals:4 | Huge Dmg: 12 dmg
 19022 | Shoals:4 | Huge Dmg: 7 dmg
 19023 | Shoals:4 | HP: 8/182 [merfolk javelineer/silver javelin (4)]
 19024 | Shoals:4 | Huge Dmg: 26 dmg
 19024 | Shoals:4 | HP: 1/182 [merfolk impaler/+4 trident of freezing (8)]
 19024 | Shoals:4 | Demolished by a merfolk impaler

Illustrated notes

Levels and vault maps discovered:
D:1:      scummos_arrival_checkerplants, layout_loops_ring, chequers_big_river,
          chequers_serial_rivers_small_a, hangedman_decor_push,
          supply_closet_lemuel
D:2:      layout_basic, ebering_ecumenical_altar_petrified, kennysheep_path_1
D:3:      layout_loops_corners, nicolae_uskayaw_murder_on_the_dancefloor,
          nicolae_hepliaklqana_hazy_memory
D:4:      lemuel_castle_with_subvaults [lemuel_castle_interior_carwin_1],
          layout_loops_corners
D:5:      layout_basic, hangedman_ru_absence, enter_ossuary_4, serial_shops,
          nicolae_shop_bloodbath_and_beyond, chequers_serial_rivers_room_b
D:6:      layout_rooms, serial_shops, nicolae_shop_hallway_plus,
          hangedman_abyss_or_decor_lesser_grid, nicolae_eternal_life,
          minmay_hedge_maze, uniq_menkaure, uniq_maggie, uniq_jeremiah
D:7:      layout_basic, minmay_temple_entry_overgrown, serial_aquarium,
          aquarium_bridge_square [aquarium_subvault_wall,
          aquarium_subvault_window, aquarium_subvault_bridge,
          aquarium_subvault_bridge], aquarium_bridge_square
          [aquarium_subvault_wall, aquarium_subvault_bridge,
          aquarium_subvault_bridge, aquarium_subvault_bridge],
          aquarium_window_fake, aquarium_window_corner, aquarium_window_corner,
          aquarium_view_2a, aquarium_view_2d, aquarium_balcony_3b,
          aquarium_pool_corner, minmay_ruffians
D:8:      layout_layer_cave, gammafunk_ghost_cemetery
D:9:      layout_loops_ring, dpeg_lair_monsters, dreamdust_wishing_well,
          hangedman_abyss_or_decor_slice
Lair:1:   layout_roguey, gauntlet_entry_generic
Lair:2:   layout_cave_pods, spider_nest_entry_a, portal_ice_cave_entry_pillars_2
Lair:3:   mu_elephants_graveyard, layout_big_grid, minmay_shoals_entry_hut,
          st_stairs_5
Lair:4:   layout_small_grid, nicolae_slime_entry_slimehenge,
          nzn_sisyphean_effort
Lair:5:   wormcave, layout_loops_ring, chequers_serial_rivers_room_a,
          grunt_megastairs_3
Shoals:1: layout_shoals, nicolae_shoals_dead_sea_scrolls
Shoals:2: layout_shoals, serial_shops, nicolae_shop_behind_doors,
          nicolae_shoals_kraken_intersection, uniq_ilsuiw
Shoals:3: cheibrodos_shoals_gigantism, layout_shoals, serial_shops, shop
Shoals:4: shoals_end_hellmonk_holy_island
Slime:1:  layout_caves
Slime:2:  layout_caves
Slime:3:  layout_caves, cheibrodos_slime_lost_civilization_6
Slime:4:  layout_caves
Slime:5:  slime_pit_nicolae_inversion

Skill      XL: |  1  2  3  4  5  6  7  8  9 10 11 12 13 14 15 16 |
---------------+-------------------------------------------------+-----
Maces & Flails | 3 4 5 6 7 9 10 12 | 12.3
Fighting       | 3 4 5 6 7 9 10 12 13 14 15 16 | 16.9
Throwing       | 3 4 5 6 8 9 10 11 12 13 | 13.2
Dodging        | 3 4 5 |  5.9
Axes           | 1 6 9 11 12 13 | 13.1
Shields        | 4 6 7 8 9 |  9.2
Spellcasting   | 4 6 8 |  8.0
Armour         | 3 |  3.8

Action                     |  1- 3 |  4- 6 |  7- 9 | 10-12 | 13-15 | 16-18 || total
---------------------------+-------+-------+-------+-------+-------+-------++-------
  Melee: Flail             |    34 |    47 |    70 |       |       |       ||   151
         Whip              |   105 |    96 |   314 |   454 |       |       ||   969
         Punch             |     1 |     2 |     4 |     8 |       |       ||    15
         Kick              |       |       |    49 |   171 |   116 |    37 ||   373
         Broad axe         |       |       |       |   102 |   507 |    91 ||   700
         Pseudopods        |       |       |       |       |    76 |    24 ||   100
  Throw: Throwing net      |       |     1 |     1 |     2 |       |       ||     4
         Boomerang         |       |       |       |    20 |    13 |     2 ||    35
         Large rock        |       |       |       |     1 |     1 |     3 ||     5
 Invoke: Slimify           |       |       |       |     1 |       |     1 ||     2
         Oozemancy         |       |       |       |       |       |     1 ||     1
  Evoke: Wand              |       |       |       |     2 |       |     1 ||     3
    Use: Potion            |       |     3 |     1 |     3 |     3 |     6 ||    16
         Scroll            |       |     4 |     5 |     7 |    10 |     1 ||    27
   Stab: Sleeping          |     1 |       |       |       |       |       ||     1
         Held in net/web   |       |       |       |     1 |       |       ||     1
         Paralysed         |       |       |       |     1 |       |       ||     1
         Invisible         |       |       |       |       |     4 |       ||     4
         Distracted        |       |       |       |       |     2 |       ||     2
 Armour: Robe              |    34 |    27 |    53 |       |       |       ||   114
         Steam dragon scal |       |       |    16 |   122 |   118 |    13 ||   269
  Dodge: Dodged            |    66 |   123 |   250 |   279 |   273 |    38 ||  1029
  Block: Kite shield       |       |       |       |    61 |   322 |    87 ||   470
         Reflection        |       |       |       |     1 |    28 |     7 ||    36

Table legend: (Time is in decaauts)
 A = Elapsed time spent in this place.
 B = Non-inter-level travel time spent in this place.
 C = Inter-level travel time spent in this place.
 D = Time resting spent in this place.
 E = Time spent auto-exploring this place.
 F = Levels seen in this place.
 G = Mean time per level.
                   A        B        C        D        E       F      G
               +--------+--------+--------+--------+--------+-----+--------+
         Total |  18774 |  17598 |   1176 |    142 |  13342 |  26 |  722.1 |
       Dungeon |   8866 |   8355 |    511 |    110 |   6628 |   9 |  985.1 |
          Lair |   4248 |   3906 |    342 |      0 |   2951 |   5 |  849.6 |
        Shoals |   2704 |   2613 |     91 |     32 |   1892 |   4 |  676.0 |
    Slime Pits |   1834 |   1602 |    232 |      0 |   1433 |   5 |  366.8 |
       Ossuary |    221 |    221 |      0 |      0 |    118 |   1 |  221.0 |
      Ice Cave |    531 |    531 |      0 |      0 |    252 |   1 |  531.0 |
      Gauntlet |    368 |    368 |      0 |      0 |     68 |   1 |  368.0 |
               +--------+--------+--------+--------+--------+-----+--------+

Top non-repeatable levels by time:
     D:2: 1361 daAuts
     D:1: 1247 daAuts
     D:4: 1131 daAuts
     D:8: 1082 daAuts
  Lair:2: 969 daAuts
Shoals:1: 968 daAuts
     D:6: 905 daAuts
  Lair:5: 897 daAuts
     D:3: 892 daAuts
  Lair:4: 887 daAuts
Shoals:3: 876 daAuts
     D:9: 840 daAuts
  Lair:3: 817 daAuts
Shoals:2: 791 daAuts
     D:5: 787 daAuts
